 Dungeon Crawl Stone Soup version 0.30-a0-737-gf23d94013f (webtiles) character file.

Game seed: 3147516976694014542

1353 bmack86 the Chopper (level 8, -4/70 HPs)
             Began as a Minotaur Fighter on Feb 3, 2023.
             Was a Follower of Okawaru.
             Slain by a wraith (8 damage)
             ... on level 6 of the Dungeon.
             The game lasted 00:11:32 (3864 turns).

bmack86 the Chopper (Minotaur Fighter)              Turns: 3864, Time: 00:11:32

Health: -4/70      AC: 15    Str: 23    XL:     8   Next: 37%
Magic:  8/8        EV:  7    Int:  5    God:    Okawaru [*.....]
Gold:   47         SH:  5    Dex: 10    Spells: 7/7 levels left

rFire   + . .      SeeInvis .    a - +1 war axe
rCold   . . .      Faith    .    c - +0 buckler
rNeg    . . .      Spirit   .    z - +5 chain mail {rPois}
rPois   +          Reflect  .    (helmet restricted)
rElec   .          Harm     .    (no cloak)
rCorr   .          Rampage  .    (no gloves)
Will    +....                    (no boots) Stlth
                                 t - amulet of regeneration
HPRegen 1.11/turn                i - ring of protection from fire
MPRegen 0.11/turn                x - ring of willpower

@: no status effects
A: horns 2, retaliatory headbutt
a: Renounce Religion, Heroism


You were on level 6 of the Dungeon.
You worshipped Okawaru.
Okawaru was aware of your devotion.
You visited 1 branch of the dungeon, and saw 6 of its levels.

You collected 361 gold pieces.
You spent 314 gold pieces at shops.

Inventory:

Hand Weapons
 a - a +1 war axe (weapon)
 A - a +3 heavy broad axe
Missiles
 e - 5 atropa-tipped darts
 q - a throwing net
 s - 7 poisoned darts (quivered)
Armour
 b - a +0 scale mail
 c - a +0 buckler (worn)
 z - a +5 chain mail of poison resistance (worn)
Jewellery
 i - a ring of protection from fire (left hand)
 j - an amulet of guardian spirit
 r - an amulet of faith
 t - an amulet of regeneration (around neck)
 x - a ring of willpower (right hand)
 C - a ring of protection from cold
Wands
 y - a wand of paralysis (6)
Scrolls
 f - 6 scrolls of teleportation
 h - 2 scrolls of fear
 o - a scroll of summoning
 B - a scroll of poison
Potions
 d - 2 potions of might
 g - a potion of curing {unknown}
 k - 2 potions of mutation
 l - 2 potions of magic
 m - 2 potions of haste {unknown}
 n - 2 potions of brilliance
 p - 3 potions of attraction
 u - 2 potions of cancellation {unknown}
 v - a potion of heal wounds {unknown}
 w - a potion of ambrosia {unknown}


   Skills:
 + Level 6.2 Fighting
 * Level 7.5 Axes
 + Level 3.1 Throwing
 + Level 6.1 Armour
 + Level 6.2 Shields
 + Level 1.8 Invocations


You had 7 spell levels left.
You didn't know any spells.
Your spell library contained the following spells:

 Spells                   Type           Power      Damage    Failure   Level
 Shock                    Conj/Air       0%         1d3       99%         1
 Swiftness                Air            0%         N/A       100%        3
 Airstrike                Air            0%         2d(0-16)  100%        4


Dungeon Overview and Level Annotations

Branches:
Dungeon (6/15)             Temple (0/1) D:6

Altars:
Fedhas
Gozag
Kikubaaqudgha
Makhleb
Okawaru
Ru
Sif Muna
Wu Jian
Yredelemnul
Zin
The Shining One

Shops:
D:3 ?((


Innate Abilities, Weirdness & Mutations

You have a pair of horns on your head.
You reflexively headbutt those who attack you in melee.


Message History

The ogre attacks as you move away! The ogre barely misses you.
The adder completely misses you. You furiously retaliate!
You headbutt the adder. You barely miss the black bear. You slash the adder!
You kill the adder!
Okawaru accepts your kill. The black bear bites you.
The black bear barely misses you.
The black bear claws you but does no damage.
The ogre hits you with a +0 giant club!
You slash the black bear!
The black bear is moderately wounded.
You hit the orc.
You kill the orc!
Okawaru accepts your kill.
You closely miss the wraith. You slash the ogre!
You block the black bear's attack. x2
The black bear claws you but does no damage.
The wraith hits you but does no damage.
You barely miss the black bear.
The black bear is moderately wounded.
You hit the wraith but do no damage. You slash the ogre!
The black bear bites you. You block the black bear's attack.
The black bear claws you but does no damage.
The wraith hits you but does no damage.
The ogre hits you with a +0 giant club!!
* * * LOW HITPOINT WARNING * * *
You hit the black bear but do no damage.
You headbutt the black bear!
The black bear is severely wounded.
You barely miss the wraith. You slash the ogre!
You kill the ogre!
Okawaru accepts your kill. The black bear bites you.
* * * LOW HITPOINT WARNING * * *
The black bear claws you but does no damage.
You block the black bear's attack. The wraith hits you but does no damage.
The black bear bites you but does no damage.
The black bear claws you but does no damage. x2
The wraith hits you!
You die...

###.##.#
#...#..#######
#.###........# #.#
#..8.8.8.# #.#
...⌠.⌠[.# ##.#
#.8.>.8$# #..#
#..⌠.⌠..##
#.#####W8)8.8...
#######.##..))@h......
...........#)..#######
.#####..######## #.##
#. #. .. .. >..


You could see a wraith and a black bear.

Vanquished Creatures
  An ice beast (D:6)
  A black bear (D:4)
  2 ogres
  2 phantoms (D:5)
  A gnoll sergeant (D:5)
  4 scorpions
  5 wights (D:5)
  2 hounds
  A jelly (D:5)
  2 iguanas
  11 gnolls
  3 adders
  A shadow imp (D:6)
  A worm (D:2)
  A dart slug (D:1)
  9 orcs
  4 ball pythons
  7 endoplasms
  4 giant cockroaches
  8 goblins
  4 hobgoblins
  7 jackals
  6 kobolds
  5 quokkas
  5 bats
  7 frilled lizards
  4 rats
108 creatures vanquished.

Notes
Turn   | Place    | Note
-------+----------+-------------------------------------------
     0 | D:1      | bmack86 the Minotaur Fighter began the quest for the Orb.
     0 | D:1      | Reached XP level 1. HP: 19/19 MP: 0/0
   147 | D:1      | Reached XP level 2. HP: 27/27 MP: 1/1
   162 | D:1      | Reached skill level 3 in Axes
   312 | D:1      | Reached XP level 3. HP: 33/33 MP: 2/2
  1290 | D:3      | Found an ancient bone altar of Kikubaaqudgha.
  1328 | D:3      | Found Lilodiz's Weapon Shoppe.
  1336 | D:3      | Reached XP level 4. HP: 40/40 MP: 3/3
  1354 | D:3      | Found Saliasem's Weapon Boutique.
  1516 | D:3      | Found Zeptiunu's Magic Scroll Boutique.
  1684 | D:3      | Found a faded altar of an unknown god.
  1766 | D:3      | Reached skill level 4 in Axes
  1956 | D:4      | Noticed a black bear
  1968 | D:4      | Killed a black bear
  1969 | D:4      | Reached XP level 5. HP: 27/47 MP: 2/4
  2220 | D:4      | Reached skill level 5 in Axes
  2351 | D:4      | Noticed an ogre
  2357 | D:4      | Killed an ogre
  2358 | D:4      | Reached skill level 5 in Shields
  2358 | D:4      | Reached XP level 6. HP: 55/55 MP: 5/5
  2363 | D:4      | Reached skill level 5 in Fighting
  2409 | D:4      | Reached skill level 5 in Armour
  2431 | D:4      | Reached skill level 1 in Throwing
  2864 | D:5      | Entered Level 5 of the Dungeon
  2908 | D:5      | Reached XP level 7. HP: 48/61 MP: 6/6
  2934 | D:5      | Reached skill level 6 in Axes
  2938 | D:5      | Found a burning altar of Makhleb.
  3363 | D:5      | Found an iron altar of Okawaru.
  3363 | D:5      | Found an ornate altar of the Wu Jian Council.
  3371 | D:5      | Became a worshipper of Warmaster Okawaru
  3378 | D:5      | Found a glowing silver altar of Zin.
  3380 | D:5      | Found a sacrificial altar of Ru.
  3381 | D:5      | Found a shimmering blue altar of Sif Muna.
  3386 | D:5      | Found a glowing golden altar of the Shining One.
  3386 | D:5      | Found a basalt altar of Yredelemnul.
  3483 | D:5      | Reached skill level 7 in Axes
  3483 | D:5      | Reached XP level 8. HP: 51/70 MP: 7/7
  3485 | D:5      | Reached skill level 1 in Invocations
  3494 | D:5      | Reached * piety under Okawaru
  3596 | D:5      | Found a blossoming altar of Fedhas.
  3727 | D:3      | Bought a +3 heavy broad axe for 314 gold pieces
  3786 | D:6      | Found an opulent altar of Gozag.
  3849 | D:6      | Found a staircase to the Ecumenical Temple.
  3864 | D:6      | Slain by a wraith

Illustrated notes

Levels and vault maps discovered:
D:1:      wander_arrival_estate, layout_rooms, minivault_24,
          minmay_misc_feat_five, chequers_avenue, minmay_lizard_pond
D:2:      layout_basic, minivault_11
D:3:      layout_rooms, mainiacjoe_overflow_24_doors, serial_shops, shop,
          nicolae_shop_bloodbath_and_beyond, shop,
          chequers_ecumenical_altar_grove, kennysheep_generic_room_7
D:4:      layout_loops_ring
D:5:      layout_loops_ring, mainiacjoe_overflow_boulevard,
          mainiacjoe_overflow_alcove_2, nicolae_overflow_hallway_of_the_gods
D:6:      layout_rooms, nicolae_gozag_conspicuous_consumption,
          minmay_temple_entry_statues_fountains, portal_sewer_entry_b

Skill      XL: |  1  2  3  4  5  6  7  8 |
---------------+-------------------------+-----
Axes           | 3 4 5 7 |  7.5
Armour         | 4 5 6 |  6.1
Shields        | 4 5 6 |  6.2
Fighting       | 4 5 6 |  6.2
Throwing       | 1 2 3 |  3.1
Invocations    | 1 |  1.8

Action                     |  1- 3 |  4- 6 |  7- 9 || total
---------------------------+-------+-------+-------++-------
  Melee: War axe           |    69 |    68 |    88 ||   225
         Headbutt          |     6 |    12 |    15 ||    33
  Throw: Dart              |       |    18 |     1 ||    19
    Use: Scroll            |     2 |    10 |     3 ||    15
 Armour: Scale mail        |    50 |    24 |       ||    74
         Chain mail        |       |     4 |    57 ||    61
  Dodge: Dodged            |    38 |    37 |    21 ||    96
  Block: Buckler           |    26 |    22 |    23 ||    71

Table legend: (Time is in decaauts)
 A = Elapsed time spent in this place.
 B = Non-inter-level travel time spent in this place.
 C = Inter-level travel time spent in this place.
 D = Time resting spent in this place.
 E = Time spent auto-exploring this place.
 F = Levels seen in this place.
 G = Mean time per level.
                   A        B        C        D        E       F      G
               +--------+--------+--------+--------+--------+-----+--------+
         Total |   3931 |   3765 |    166 |    253 |   2106 |   6 |  655.2 |
       Dungeon |   3931 |   3765 |    166 |    253 |   2106 |   6 |  655.2 |
               +--------+--------+--------+--------+--------+-----+--------+

Top non-repeatable levels by time:
     D:4: 973 daAuts
     D:5: 857 daAuts
     D:3: 786 daAuts
     D:2: 650 daAuts
     D:1: 581 daAuts
     D:6: 81 daAuts
